 Dungeon Crawl Stone Soup version 0.21-a0-273-g0785366 (webtiles) character file.

10169 vishdafish the Fortune-Teller (level 11, -1/105 HPs)
             Began as a Troll Fighter on Sept 17, 2017.
             Was a Believer of Nemelex Xobeh.
             Succumbed to a minotaur's poison
             ... in a labyrinth.
             The game lasted 00:29:09 (9247 turns).

vishdafish the Fortune-Teller (Troll Fighter)       Turns: 9247, Time: 00:29:09

Health: -1/105     AC:  7    Str: 37    XL:     11   Next: 32%
Magic:  17/17      EV: 11    Int:  4    God:    Nemelex Xobeh [**....]
Gold:   625        SH: 12    Dex: 11    Spells: 10/10 levels left

rFire    . . .     SeeInvis .   Y - +2 morningstar (drain)
rCold    . . .     Gourm    +   c - +1 shield
rNeg     . . .     Faith    .   b - +0 robe
rPois    .         Spirit   .   h - +2 hat
rElec    .         Reflect  .   y - scarf {repulsion}
rCorr    .         Harm     .   (gloves unavailable)
MR       .....                  (boots unavailable)
Stlth    +.........             (no amulet)
HPRegen  0.67/turn              (no ring)
MPRegen  0.15/turn              J - +5 ring of strength

@: mighty, lethally poisoned (-1 -> -23), repel missiles
A: unfitting armour, claws 3, fast metabolism 3, gourmand, regeneration 1,
shaggy fur 1, tough skin 2
a: Renounce Religion


You were in a labyrinth.
You worshipped Nemelex Xobeh.
Nemelex Xobeh was pleased with you.
You were full.

You visited 2 branches of the dungeon, and saw 12 of its levels.
You also visited: Labyrinth and Sewer.

You collected 625 gold pieces.

Inventory:

Hand Weapons
 W - a +0 morningstar
 Y - a +2 morningstar of draining (weapon)
Missiles
 n - 2 large rocks (quivered)
 Q - 8 tomahawks of dispersal
Armour
 b - a +0 robe (worn)
 c - a +1 shield (worn)
 h - a +2 hat (worn)
 y - a scarf of repulsion (worn)
Jewellery
 k - an uncursed ring of resist corrosion
 m - an uncursed ring of protection from magic
 x - a +1 ring of evasion
 J - a +5 ring of strength (right claw)
 Z - an uncursed ring of protection from fire
Wands
 p - a wand of confusion (23/48)
 K - a wand of iceblast (1/15)
 L - a wand of paralysis (14/24)
 O - a wand of flame (21/48)
 P - a wand of digging (12/24)
 S - a wand of iceblast (4/15)
Scrolls
 l - 11 scrolls of teleportation
 o - a scroll of fear {unknown}
 q - 3 scrolls of remove curse
 s - 2 scrolls of recharging
 u - a scroll of blinking {unknown}
 v - 5 scrolls of amnesia
 A - a scroll of magic mapping {unknown}
 M - a scroll of enchant armour
 U - a scroll of enchant weapon {unknown}
 X - a scroll of immolation {unknown}
Potions
 d - 6 potions of brilliance
 e - 3 potions of flight
 g - 4 potions of agility
 i - 10 potions of curing
 r - a potion of berserk rage
 t - 2 potions of magic
 w - a potion of lignification {unknown}
 z - 3 potions of might
 C - 3 potions of heal wounds
 D - a potion of cancellation {unknown}
 E - a potion of ambrosia {unknown}
 F - a potion of mutation {unknown}
 H - 2 potions of haste {unknown}
 N - 3 potions of degeneration {unknown}
Books
 G - a Young Poisoner's Handbook

   Spells                             Type                      Level
   a - Sting                          Conjuration/Poison           1
   b - Poisonous Vapours              Poison/Air                   2
   c - Mephitic Cloud                 Conjuration/Poison/Air       3
   d - Olgreb's Toxic Radiance        Poison                       4
   e - Venom Bolt                     Conjuration/Poison           5
 T - a book of Callings

   Spells                             Type                      Level
   a - Summon Small Mammal            Summoning                    1
   b - Call Imp                       Summoning                    2
   c - Call Canine Familiar           Summoning                    3
   d - Summon Guardian Golem          Hexes/Summoning              3
   e - Summon Lightning Spire         Summoning/Air                4
   f - Summon Ice Beast               Ice/Summoning                4
Miscellaneous
 a - a plain deck of destruction
 R - a plain deck of destruction {drawn: 7}
 V - a legendary deck of escape
Comestibles
 f - 13 bread rations
 j - 2 meat rations
 B - 15 fruits


   Skills:
 + Level 5.6 Fighting
 * Level 8.2 Maces & Flails
 + Level 5.8 Throwing
 + Level 0.5 Armour
 + Level 5.8 Dodging
 - Level 5.7 Shields
 - Level 10.4 Invocations


You had 10 spell levels left.
You didn't know any spells.

Dungeon Overview and Level Annotations

Branches:
Dungeon (11/15)            Temple (1/1) D:5            Lair (0/6) D:9
    Orc: D:9-12

Altars:
Ashenzari
Cheibriados
Dithmenos
Elyvilon
Fedhas
Gozag
Hepliaklqana
Makhleb
Nemelex Xobeh
Qazlal
Ru
Sif Muna
Trog
Uskayaw
Vehumet
Wu Jian
Xom
Yredelemnul
Zin
The Shining One

Shops:
D:6 [

Portals:
Ice
Cave: D:11


Innate Abilities, Weirdness & Mutations

You are too large for most types of armour.
You have claws for hands.
Your metabolism is lightning-fast.
You like to eat raw meat.
Your natural rate of healing is unusually fast.
You are covered in fur. (AC +1)
You have very tough skin. (AC +2)


Message History

The minotaur gores you!
* * * LOW HITPOINT WARNING * * *
You feel much better.
You feel sick. The minotaur completely misses you.
The minotaur gores you but does no damage.
You impale the minotaur!!
The minotaur is severely wounded.
The minotaur hits you with a polished mace {venom}!!!
* * * LOW HITPOINT WARNING * * *
You block the minotaur's attack.
You feel much better.
You feel sick.
The minotaur hits you with a polished mace {venom}!!
* * * LOW HITPOINT WARNING * * *
You are lethally poisoned!
You block the minotaur's attack.
Okay, then.
As you read the scroll labeled HILE JYULI, it crumbles to dust.
It is a scroll of enchant armour.
Your +0 shield glows green for a moment.
You die...
Your body glows slightly and disappears.

#.####
#.. .#
#.# #
#.####
..# ...#
# #.# # .
#.# ####
#<# .. ..
.. .#
#.#.. ##
#.#.###.#
#(# . .
.....#.#
#H#. .
.#####
.###@#.#.
. .
.#.....#
# . #
#########
# .
...... ..
. ## ## .
.# .# ...
. . . # #
# . . ...
#. . ##
#### # #
#


You could see a minotaur.

Vanquished Creatures
  Erolcha (D:9)
  2 two-headed ogres
  A merfolk (D:8)
  The ghost of Velros the Changer, an amateur MfTm (D:3)
  A troll (D:9)
  A hippogriff (D:9)
  Sigmund (D:6)
  A spriggan (D:7)
  A wraith (D:10)
  7 yaks (D:10)
  3 hungry ghosts (D:10)
  A water moccasin (D:6)
  2 orc warriors (D:10)
  3 ice beasts
  4 ogres
  A phantom (D:6)
  5 centaurs
  3 big kobolds
  6 bullfrogs
  2 scorpions
  5 crimson imps
  A bullfrog zombie (D:10)
  2 centaur zombies
  A hound (D:9)
  A quasit (D:10)
  3 orc priests
  4 jellies
  A bullfrog skeleton (D:9)
  2 centaur skeletons
  Crazy Yiuf (D:3)
  Natasha (twice) (D:2)
  An iguana (D:9)
  6 orc wizards
  6 worker ants
  A hound skeleton (D:5)
  12 adders
  A howler monkey skeleton (D:6)
  4 river rats (Sewer)
  15 gnolls
  2 shadow imps
  11 white imps
  6 oozes
  2 adder skeletons (D:4)
  9 worms
  4 dart slugs (D:1)
  2 leopard geckos
  35 orcs
  6 bats
  7 giant cockroaches
  6 hobgoblins
  8 jackals
  27 kobolds
  6 quokkas
  4 ball pythons
  10 frilled lizards
  8 goblins
  2 leopard gecko skeletons
  2 quokka skeletons
  A quokka zombie (D:5)
  26 rats
300 creatures vanquished.

Vanquished Creatures (collateral kills)
  Josephine (D:10)
  Erica (D:9)
  The ghost of Velros the Fighter, a novice MfTm of Cheibriados (D:7)
  4 wraiths (D:10)
  2 yaks (D:10)
  A crocodile (D:7)
  A shadow imp (D:9)
11 creatures vanquished.

Grand Total: 311 creatures vanquished

Notes
Turn   | Place    | Note
-------+----------+-------------------------------------------
     0 | D:1      | vishdafish the Troll Fighter began the quest for the Orb.
     0 | D:1      | Reached XP level 1. HP: 22/22 MP: 0/0
    99 | D:1      | Reached XP level 2. HP: 29/29 MP: 1/1
   370 | D:1      | Reached XP level 3. HP: 36/36 MP: 2/2
   823 | D:2      | Reached XP level 4. HP: 44/44 MP: 3/3
   864 | D:2      | Noticed Natasha
   874 | D:2      | Killed Natasha
   935 | D:2      | Reached skill level 1 in Throwing
  1057 | D:3      | Reached XP level 5. HP: 38/52 MP: 4/4
  1400 | D:2      | Found an opulent altar of Gozag.
  1402 | D:2      | Noticed Natasha
  1407 | D:2      | Killed Natasha
  1554 | D:3      | Found a runed door.
  1558 | D:3      | Noticed Crazy Yiuf
  1577 | D:3      | Killed Crazy Yiuf
  1730 | D:3      | Noticed Velros's ghost (amateur MfTm)
  1742 | D:3      | Killed Velros's ghost
  1742 | D:3      | Reached XP level 6. HP: 37/61 MP: 5/5
  1827 | D:3      | Found a hazy altar of Hepliaklqana.
  1973 | D:3      | Found a bloodstained altar of Trog.
  2526 | D:4      | Found a glowing drain.
  2535 | Sewer    | Entered a sewer
  2556 | Sewer    | Reached XP level 7. HP: 64/67 MP: 6/6
  2561 | Sewer    | Reached skill level 5 in Fighting
  2561 | Sewer    | Reached skill level 5 in Throwing
  2561 | Sewer    | Reached skill level 5 in Dodging
  2561 | Sewer    | Reached skill level 5 in Shields
  2561 | Sewer    | Reached XP level 8. HP: 79/81 MP: 7/7
  3412 | D:4      | Found a shadowy altar of Dithmenos.
  3430 | D:5      | Entered Level 5 of the Dungeon
  3708 | D:4      | Found a bloodstained altar of Trog.
  4220 | D:5      | Found a staircase to the Ecumenical Temple.
  4226 | Temple   | Entered the Ecumenical Temple
  4374 | Temple   | Became a worshipper of Nemelex Xobeh the Trickster
  4475 | D:5      | Received a gift from Nemelex Xobeh
  4709 | D:6      | Reached skill level 1 in Invocations
  4717 | D:6      | Reached skill level 2 in Invocations
  4720 | D:6      | Found Jihoca's Armour Shop.
  4739 | D:6      | Reached XP level 9. HP: 67/88 MP: 9/9
  4833 | D:6      | Reached skill level 3 in Invocations
  4908 | D:6      | Found a basalt altar of Yredelemnul.
  4978 | D:6      | Noticed Sigmund
  5003 | D:6      | Killed Sigmund
  5051 | D:6      | Found a hide-covered altar of Uskayaw.
  5288 | D:6      | Found an ornate altar of the Wu Jian Council.
  5288 | D:6      | Found a shimmering altar of Xom.
  5468 | D:7      | Found a snail-covered altar of Cheibriados.
  5485 | D:7      | Reached * piety under Nemelex Xobeh
  5499 | D:7      | Noticed Velros's ghost (novice MfTm)
  5524 | D:7      | Killed Velros's ghost
  5524 | D:7      | Reached skill level 4 in Invocations
  5769 | D:7      | Received a gift from Nemelex Xobeh
  5787 | D:7      | Reached skill level 5 in Invocations
  5807 | D:7      | Found a white marble altar of Elyvilon.
  6514 | D:8      | Received a gift from Nemelex Xobeh
  6617 | D:8      | Reached skill level 6 in Invocations
  6677 | D:8      | Noticed a two-headed ogre
  6680 | D:8      | Noticed a merfolk
  6680 | D:8      | a two-headed ogre changed into a merfolk
  6689 | D:8      | Killed a merfolk
  6696 | D:8      | Reached ** piety under Nemelex Xobeh
  6748 | D:8      | Reached XP level 10. HP: 90/97 MP: 13/13
  6848 | D:8      | Noticed a two-headed ogre
  6878 | D:8      | Killed a two-headed ogre
  6976 | D:9      | Found a staircase to the Lair.
  6994 | D:9      | Reached skill level 7 in Invocations
  7070 | D:10     | Entered Level 10 of the Dungeon
  7222 | D:9      | Received a gift from Nemelex Xobeh
  7241 | D:9      | Noticed Erolcha
  7245 | D:9      | Killed Erolcha
  7245 | D:9      | Reached skill level 8 in Invocations
  7287 | D:9      | Got a crystal war axe
  7288 | D:9      | Identified the +6 war axe of Courage {pain, rF+ MR+ Str+3 Dex+3} (You found it on level 9 of the Dungeon)
  7378 | D:9      | Noticed Erica
  7387 | D:9      | Killed Erica
  7406 | D:9      | Noticed a two-headed ogre
  7415 | D:9      | Killed a two-headed ogre
  7415 | D:9      | Reached skill level 9 in Invocations
  7731 | D:10     | Reached XP level 11. HP: 69/104 MP: 15/17
  7733 | D:10     | Noticed Josephine
  7738 | D:10     | Killed Josephine
  7848 | D:10     | Reached skill level 10 in Invocations
  8513 | D:10     | Received a gift from Nemelex Xobeh
  8711 | D:11     | Found a frozen archway.
  8808 | D:11     | Found a labyrinth entrance.
  8818 | Lab      | Entered a labyrinth
  9236 | Lab      | Noticed a minotaur
  9246 | Lab      | HP: 1/105 [minotaur/polished mace {venom} (27)]
  9247 | Lab      | Succumbed to a minotaur's poison

Vault maps used:
D:1:      tarquinn_simple_flora_water_c
D:2:      nicolae_gozag_seed_capital, first_bread, uniq_natasha
D:3:      old_standard_altar, minivault_4, trog_hazing_becter,
          uniq_crazy_yiuf_cottage
D:4:      lightli_temple_of_fire, grunt_dithmenos_smoke,
          lightli_sewer_entry_pipes, corexii_shack
D:5:      temple_statues
D:6:      old_standard_altar, lemuel_crystal_altar,
          gammafunk_temple_overflow_elements, serial_shops, shop, minmay_bent,
          uniq_sigmund
D:7:      elyvilon_altar_5, basic_altar, the_bakery
D:8:      minmay_misc_feat_room
D:9:      lair_entry_dummy, uniq_erolcha, uniq_erica
D:10:     uniq_josephine
D:11:     orc_0_dummy, portal_ice_cave_entry_imps, lab_entry_generic
Temple:   oiseaux_autumnal_temple
Lab:      labyrinth_mini_lab, nicolae_lab_swirl
Sewer:    sewer_minmay_treatment

Skill      XL: |  1  2  3  4  5  6  7  8  9 10 11 |
---------------+----------------------------------+-----
Maces & Flails | 2 3 7 8 |  8.2
Dodging        | 3 5 |  5.8
Throwing       | 1 2 5 |  5.8
Shields        | 3 5 |  5.7
Fighting       | 3 5 |  5.6
Invocations    | 2 6 9 10 | 10.4
Armour         | |  0.5

Action                   |  1- 3 |  4- 6 |  7- 9 | 10-12 || total
-------------------------+-------+-------+-------+-------++-------
Melee: Flail             |   151 |   251 |   344 |       ||   746
       Unarmed           |       |     2 |       |       ||     2
       Morningstar       |       |       |   110 |   224 ||   334
       War axe           |       |       |       |    78 ||    78
Throw: Large rock        |       |       |       |     2 ||     2
Evoke: Deck              |       |       |     8 |    12 ||    20
       Wand              |       |       |       |    12 ||    12
  Use: Scroll            |       |     5 |     7 |     3 ||    15
       Potion            |       |     2 |     1 |     3 ||     6
 Stab: Sleeping          |       |       |     1 |       ||     1
       Distracted        |       |       |       |     2 ||     2
  Eat: Chunk             |    12 |    17 |    42 |    22 ||    93
       Meat ration       |       |       |       |     3 ||     3
       Royal jelly       |       |       |       |     3 ||     3
Armor: Robe              |    81 |    74 |   113 |   107 ||   375
Dodge: Dodged            |    74 |    91 |   183 |   174 ||   522
       Deflected         |       |       |     8 |     8 ||    16
Block: Shield            |    84 |   129 |   242 |   222 ||   677

Table legend:
 A = Spawn XP
 B = Non-spawn XP
 C = Spawn XP percentage of total XP
 D = Spawn monster count
 E = Non-spawn monster count
 F = Spawn count percentage of total count
 G = Total turns spent on level
                    A         B        C        D         E        F      G
               +---------+---------+-------+---------+---------+-------+---------
         Total |       0 |   13834 |   0.0 |       0 |     311 |   0.0 |  9247
               +---------+---------+-------+---------+---------+-------+---------
           D:1 |       0 |      82 |   0.0 |       0 |      33 |   0.0 |   651
           D:2 |       0 |     173 |   0.0 |       0 |      26 |   0.0 |   804
           D:3 |       0 |     433 |   0.0 |       0 |      29 |   0.0 |   943
           D:4 |       0 |     217 |   0.0 |       0 |      23 |   0.0 |   905
           D:5 |       0 |     509 |   0.0 |       0 |      19 |   0.0 |   696
           D:6 |       0 |    1178 |   0.0 |       0 |      16 |   0.0 |   754
           D:7 |       0 |     909 |   0.0 |       0 |      12 |   0.0 |   790
           D:8 |       0 |    1676 |   0.0 |       0 |      22 |   0.0 |   746
           D:9 |       0 |    3454 |   0.0 |       0 |      25 |   0.0 |   614
          D:10 |       0 |    4566 |   0.0 |       0 |      51 |   0.0 |  1155
          D:11 |       0 |     293 |   0.0 |       0 |       7 |   0.0 |    73
         Sewer |       0 |     344 |   0.0 |       0 |      48 |   0.0 |   502
               +---------+---------+-------+---------+---------+-------+---------
